 Dungeon Crawl Stone Soup version 0.28-a0-1074-g3cb2360906 (webtiles) character file.

Game seed: 2696776996053761778

114 Peloso the Covered (level 4, -2/41 HPs)
             Began as a Minotaur Fighter on Dec 9, 2021.
             Slain by a gnoll (4 damage)
             ... on level 3 of the Dungeon.
             The game lasted 00:01:40 (1549 turns).

Peloso the Covered (Minotaur Fighter)               Turns: 1549, Time: 00:01:41

Health: -2/41      AC:  7    Str: 21    XL:     4   Next: 66%
Magic:  3/3        EV: 10    Int:  5    God:
Gold:   72         SH:  4    Dex: 11    Spells: 3/3 levels left

rFire   . . .      SeeInvis .   a - +0 long sword
rCold   . . .      Faith    .   c - +0 buckler
rNeg    . . .      Spirit   .   b - +0 scale mail
rPois   .          Reflect  .   (helmet restricted)
rElec   .          Harm     .   (no cloak)
rCorr   .          Rampage  .   (no gloves)
Will    .....                   (no boots)
Stlth   ..........              (no amulet)
HPRegen 0.13/turn               (no ring)
MPRegen 0.08/turn               (no ring)

@: no status effects
A: horns 2, retaliatory headbutt
a: no special abilities


You were on level 3 of the Dungeon.
You visited 1 branch of the dungeon, and saw 3 of its levels.

You collected 72 gold pieces.

Inventory:

Hand Weapons
 a - a +0 long sword (weapon)
Armour
 b - a +0 scale mail (worn)
 c - a +0 buckler (worn)
Scrolls
 e - 2 scrolls of identify {unknown}
 f - a scroll of teleportation {unknown}
 h - a scroll of magic mapping {unknown}
 i - a scroll of noise {unknown}
 k - a scroll of acquirement {unknown}
Potions
 d - a potion of might
 g - 2 potions of heal wounds {unknown}
 j - a potion of cancellation {unknown}


   Skills:
 + Level 4.3 Fighting
 + Level 3.4 Long Blades
 + Level 5.1 Armour
 + Level 0.5 Dodging
 + Level 0.3 Stealth
 + Level 4.1 Shields


You had 3 spell levels left.
You didn't know any spells.
Your spell library was empty.

Dungeon Overview and Level Annotations

Branches:
Dungeon (3/15)

Altars:


Innate Abilities, Weirdness & Mutations

You have a pair of horns on your head.
You reflexively headbutt those who attack you in melee.


Message History

You block the gnoll's attack. x2
Your Armour skill increases to level 5!
You hit the gnoll shaman. Your headbutt misses the gnoll shaman.
The gnoll shaman is moderately wounded.
The gnoll completely misses you. The gnoll hits you but does no damage.
The gnoll shaman barely misses you.
The gnoll hits you from afar with a +0 halberd.
You hit the gnoll shaman but do no damage.
You headbutt the gnoll shaman.
The gnoll shaman is moderately wounded.
You block the gnoll's attack. x2
The gnoll hits you from afar with a +0 spear.
The gnoll shaman hits you but does no damage.
The gnoll hits you from afar with a +0 halberd.
You block the gnoll's attack.
You hit the gnoll shaman. You headbutt the gnoll shaman!
You kill the gnoll shaman!
The gnoll hits you but does no damage. You block the gnoll's attack. x2
The gnoll hits you from afar with a +0 spear.
Unknown command.
The gnoll hits you with a +0 spear. The gnoll closely misses you.
The gnoll hits you with a +0 spear. The gnoll barely misses you.
Items here: ))) [ †††.
You barely miss the gnoll. You block the gnoll's attack.
The gnoll hits you with a +0 spear. x2
Unknown command.
You block the gnoll's attack. The gnoll closely misses you.
The gnoll hits you from afar with a +0 spear.
You block the gnoll's attack. The gnoll hits you but does no damage.
The gnoll hits you with a +0 halberd.
The gnoll hits you from afar with a +0 spear!
* * * LOW HITPOINT WARNING * * *
The gnoll hits you from afar with a +0 spear.
* * * LOW HITPOINT WARNING * * *
You hit the gnoll.
The gnoll is moderately wounded.
The gnoll hits you from afar with a +0 spear.
* * * LOW HITPOINT WARNING * * *
The gnoll hits you with a +0 halberd.
You die...

........... ...#
≈≈.≈≈≈≈≈.≈≈ ≈≈.# .#
#≈.≈# #≈.≈# #≈.# .#
#≈.≈# #≈.≈# #≈.# .#####
#≈.≈###≈.≈###≈.# .....#
≈≈.≈≈≈≈≈.≈≈≈≈≈.# .....#
...............# .....#
≈≈.≈≈≈≈≈.≈≈≈≈≈.###g....#
#≈.≈###≈.≈###≈..@gg...(#
#≈.≈# #≈.≈# #≈.###....)#
#≈.≈###≈.≈###≈... .....#
≈≈.≈≈≈≈≈.≈≈≈≈≈..########
................#
≈≈.≈≈≈≈≈.≈≈≈≈≈..#
#≈.≈###≈.≈###≈..# #≈.≈#
#≈.≈# #≈.. #≈.≈# #≈.≈#
..


You could see 3 gnolls.

Vanquished Creatures
  A gnoll shaman (D:3)
  3 gnolls
  2 adders (D:2)
  A worm (D:2)
  2 dart slugs
  4 ball pythons
  3 endoplasms
  2 giant cockroaches
  3 hobgoblins
  4 kobolds
  A quokka (D:2)
  5 bats
  2 goblins (D:1)
  A rat (D:1)
34 creatures vanquished.

Notes
Turn   | Place    | Note
-------+----------+-------------------------------------------
     0 | D:1      | Peloso the Minotaur Fighter began the quest for the Orb.
     0 | D:1      | Reached XP level 1. HP: 19/19 MP: 0/0
     9 | D:1      | Found a faded altar of an unknown god.
    52 | D:1      | Reached skill level 4 in Armour
    52 | D:1      | Reached XP level 2. HP: 13/27 MP: 1/1
   750 | D:2      | Reached XP level 3. HP: 17/33 MP: 2/2
  1538 | D:3      | Reached XP level 4. HP: 40/40 MP: 3/3
  1541 | D:3      | Reached skill level 5 in Armour
  1549 | D:3      | HP: 2/41 [gnoll (4)]
  1549 | D:3      | Slain by a gnoll

Illustrated notes

Levels and vault maps discovered:
D:1:      tarquinn_simple_flora_water_c, layout_basic,
          chequers_ecumenical_altar_simple_redux, minmay_misc_feat_chi
D:2:      layout_loops_ring
D:3:      layout_rooms, ebering_ghost_reflecting_pool, kennysheep_boxes

Skill      XL: |  1  2  3  4 |
---------------+-------------+-----
Armour         | 4 5 |  5.1
Fighting       | 4 |  4.3
Long Blades    | 3 |  3.4
Shields        | 4 |  4.1
Dodging        | |  0.5
Stealth        | |  0.3

Action                   |  1- 3 |  4- 6 || total
-------------------------+-------+-------++-------
Melee: Long sword        |    69 |     8 ||    77
       Headbutt          |     9 |     2 ||    11
Armor: Scale mail        |    29 |     6 ||    35
Dodge: Dodged            |    34 |     5 ||    39
Block: Buckler           |    15 |    11 ||    26

Table legend: (Time is in decaauts)
 A = Elapsed time spent in this place.
 B = Non-inter-level travel time spent in this place.
 C = Inter-level travel time spent in this place.
 D = Time resting spent in this place.
 E = Time spent auto-exploring this place.
 F = Levels seen in this place.
 G = Mean time per level.
                   A        B        C        D        E       F      G
               +--------+--------+--------+--------+--------+-----+--------+
         Total |   1568 |   1529 |     39 |      0 |   1248 |   3 |  522.7 |
       Dungeon |   1568 |   1529 |     39 |      0 |   1248 |   3 |  522.7 |
               +--------+--------+--------+--------+--------+-----+--------+

Top non-repeatable levels by time:
     D:1: 750 daAuts
     D:2: 717 daAuts
     D:3: 100 daAuts
